 Dungeon Crawl Stone Soup version 0.20-a0-924-gfa95efa (webtiles) character file.

8269 lauthentik the Unseen (level 11, -11/74 HPs)
             Began as a Vampire Enchanter on June 30, 2016.
             Was a Believer of Dithmenos.
             Mangled by a troll (13 damage)
             ... led by an orc knight
             ... on level 1 of the Orcish Mines on Mar 27, 2017.
             The game lasted 00:53:45 (9352 turns).

lauthentik the Unseen (Vampire Enchanter)           Turns: 9352, Time: 00:53:46

Health: -11/74     AC:  9    Str:  7    XL:     11   Next: 7%
Magic:  18/21      EV: 15    Int: 29    God:    Dithmenos [**....]
Gold:   520        SH:  0    Dex: 14    Spells: 17/23 levels left

rFire    + . .     SeeInvis +   V - +4 short sword
rCold    + + .     Gourm    .   (no shield)
rNeg     + + +     Faith    .   P - +0 robe {rF+}
rPois    ∞         Spirit   .   g - +1 helmet {Int+3}
rElec    .         Reflect  .   J - +1 cloak
rCorr    .         Harm     .   u - +0 pair of gloves
MR       +....                  R - +1 pair of boots
Stlth    +++++++++.             X - amulet of rage
Regen    0.0/turn               N - ring of flight
MPRegen  0.2/turn               U - +4 ring of intelligence

@: bloodless, non-regenerating, wreathed by umbra
A: fangs 3, see invisible, unbreathing
a: Bat Form, Shadow Step, Renounce Religion, Evoke Berserk Rage, Evoke Flight


You were on level 1 of the Orcish Mines.
You worshipped Dithmenos.
Dithmenos was pleased with you.
You were bloodless.

You visited 3 branches of the dungeon, and saw 12 of its levels.
You also visited: Ossuary.

You collected 520 gold pieces.

Inventory:

Hand Weapons
 m - a +0 short sword of speed
 o - a +2 dagger of venom
 p - a +1 dagger of protection
 V - a +4 short sword (weapon)
Missiles
 B - 10 tomahawks (quivered)
Armour
 b - a +1 robe
 g - a +1 helmet of intelligence (worn)
 u - a +0 pair of gloves (worn)
 y - the -2 hat of the Alchemist {rElec rPois rF+ rC+ rN+ MR+ rMut rCorr}
   (You found it on level 5 of the Dungeon)

   It protects you from fire.
   It protects you from cold.
   It insulates you from electricity.
   It protects you from poison.
   It protects you from negative energy.
   It affects your resistance to hostile enchantments.
   It protects you from acid and corrosion.
   It protects you from mutation.
 J - a +1 cloak (worn)
 K - a +2 robe of cold resistance
 M - a +0 troll leather armour
 P - a +0 robe of fire resistance (worn)
 R - a +1 pair of boots (worn)
Magical Staves
 I - an uncursed staff of earth
Jewellery
 E - an uncursed ring of magical power
 N - a ring of flight (left hand)
 O - an uncursed ring of resist corrosion
 U - a +4 ring of intelligence (right hand)
 W - an uncursed ring of loudness
 X - an amulet of rage (around neck)
Wands
 C - a wand of disintegration (11/24)
 G - a wand of lightning (3/15)
 L - a wand of iceblast (7/15)
 Y - a wand of confusion (22/48)
Scrolls
 a - 2 scrolls of fear {unknown}
 f - 4 scrolls of fog {unknown}
 i - 7 scrolls of remove curse
 j - 14 scrolls of identify {unknown}
 l - 4 scrolls of teleportation {unknown}
 n - 2 scrolls of magic mapping {unknown}
 s - 2 scrolls of noise {unknown}
 t - 4 scrolls of enchant weapon {unknown}
 w - 2 scrolls of enchant armour {unknown}
 z - a scroll of acquirement {unknown}
 D - 2 scrolls of immolation {unknown}
 H - a scroll of random uselessness {unknown}
 Z - a scroll of recharging {unknown}
Potions
 d - 28 potions of blood
 e - 2 potions of cancellation {unknown}
 h - 2 potions of curing {unknown}
 k - 3 potions of heal wounds
 r - a potion of ambrosia {unknown}
 v - 2 potions of resistance {unknown}
 x - 5 potions of brilliance {unknown}
 A - 4 potions of agility {unknown}
 F - 2 potions of degeneration {unknown}
 Q - a potion of mutation {unknown}
 S - a potion of lignification {unknown}
 T - a potion of haste {unknown}
Books
 c - a book of Maledictions

   Spells                             Type                      Level
   a - Corona                         Hexes                        1
   b - Ensorcelled Hibernation        Hexes/Ice                    2
   c - Confuse                        Hexes                        3
   d - Tukima's Dance                 Hexes                        3
   e - Dazzling Spray                 Conjuration/Hexes            3
 q - a book of Flames

   Spells                             Type                      Level
   a - Flame Tongue                   Conjuration/Fire             1
   b - Throw Flame                    Conjuration/Fire             2
   c - Conjure Flame                  Conjuration/Fire             3
   d - Inner Flame                    Hexes/Fire                   3
   e - Sticky Flame                   Conjuration/Fire             4
   f - Fireball                       Conjuration/Fire             5
   Dithmenos disapproves of the use of such an item.


   Skills:
 + Level 2.7 Fighting
 + Level 5.5 Short Blades
 + Level 6.0 Dodging
 + Level 15.2 Stealth
 + Level 6.8 Spellcasting
 + Level 11.4 Hexes
 + Level 4.7 Ice Magic


You had 17 spell levels left.
You knew the following spells:

 Your Spells              Type           Power        Failure   Level  Hunger
a - Ensorcelled Hibernat  Hex/Ice        ######       1%          2    None
b - Corona                Hex            ######.      1%          1    None
c - Confuse               Hex            ######..     1%          3    None


Dungeon Overview and Level Annotations

Branches:
Dungeon (10/15)            Temple (1/1) D:7             Orc (1/2) D:10
   Lair: D:8-11

Altars:
Ashenzari
Cheibriados
Dithmenos
Elyvilon
Fedhas
Gozag
Hepliaklqana
Kikubaaqudgha
Makhleb
Nemelex Xobeh
Okawaru
Qazlal
Ru
Sif Muna
Trog
Uskayaw
Vehumet
Xom
Yredelemnul
Zin
The Shining One

Annotations:
D:3 Shenda's ghost, novice FoAK


Innate Abilities, Weirdness & Mutations

You do not heal naturally.
You are immune to poison.
You have razor-sharp teeth.
You have supernaturally acute eyesight. (SInv)
You can survive without breathing.


Message History

* * * LOW HITPOINT WARNING * * *
The orc wizard gestures at you while chanting.
The puff of frost hits you! You resist.
* * * LOW HITPOINT WARNING * * *
The stone giant throws a large rock.
The large rock barely misses you.
The large rock hits the orc warrior!!
The orc warrior barely misses you.
An orc comes into view. It is wielding a falchion.
Okay, then.
Casting: Ensorcelled Hibernation
Confirm with . or Enter, or press ? or * to list all spells.
Okay, then.
Casting: Ensorcelled Hibernation
Confirm with . or Enter, or press ? or * to list all spells.
Aiming: Ensorcelled Hibernation
Press: ? - help, Shift-Dir - straight line, f/p - stone giant
Aim: a stone giant (severely wounded, chance to defeat MR: 22%)
The orc warrior struggles to resist.
The orc knight shouts!
The troll misses you. The troll closely misses you. The troll claws you!
You die...

. .........#....
..#............o
#.............Oo
....$......$o...#
................
..oo.......O....
........<.o#
........#T.## ..
...oo.o..@..#..##
...>o...o.......#
#.......(......##
.$.............#
......$C.......#
....#.........##
#.##......$...# .
..........$..#
.............#.


You could see a stone giant, an orc knight, a troll, 4 orc warriors, an ogre, an
orc priest, an orc wizard and 2 orcs.

Vanquished Creatures
  An unseen horror (D:10)
  A removed MONS_HILL_GIANT (D:7)
  Psyche (D:8)
  3 trolls
  2 two-headed ogres
  A wraith (D:10)
  A yak (D:7)
  Grum (D:9)
  A human (D:7)
  2 hippogriffs
  A hungry ghost (D:10)
  An orc warrior (D:9)
  2 sky beasts
  4 ice beasts
  A necrophage (D:9)
  6 phantoms
  2 black bears
  5 ogres
  3 centaurs
  2 wolves (D:9)
  3 elf zombies
  A wyvern zombie (D:8)
  5 scorpions
  3 wights (D:10)
  3 killer bees (D:7)
  2 howler monkeys
  3 crimson imps
  4 hounds
  2 jellies (D:7)
  A human zombie (D:5)
  A centaur skeleton (D:9)
  6 human skeletons (D:5)
  8 orc wizards
  4 iguanas
  9 worker ants
  3 removed
  MONS_SHEEPs (D:7)
  3 hound zombies
  A hound skeleton (D:5)
  4 mummies (Ossuary)
  A worker ant zombie (D:8)
  Robin (D:4)
  3 gnolls (D:8)
  5 adders
  4 shadow imps
  3 adder zombies (Ossuary)
  2 oozes
  2 adder skeletons
  A worm (D:4)
  2 dart slugs
  5 leopard geckos
  27 orcs
  6 bats
  2 giant cockroaches
  7 hobgoblins
  7 jackals
  5 kobolds
  6 quokkas
  2 ball pythons
  5 frilled lizards
  A giant cockroach zombie (D:5)
  A gnoll zombie (Ossuary)
  12 goblins
  A goblin zombie (Ossuary)
  A hobgoblin zombie (Ossuary)
  A jackal skeleton (D:5)
  A jackal zombie (Ossuary)
  A kobold zombie (Ossuary)
  An orc skeleton (D:5)
  An orc zombie (D:5)
  2 quokka skeletons
  4 rats (D:1)
  A rat zombie (Ossuary)
231 creatures vanquished.

Vanquished Creatures (others)
  An orc zombie (Ossuary)
1 creature vanquished.

Grand Total: 232 creatures vanquished

Notes
Turn   | Place    | Note
-------+----------+-------------------------------------------
     0 | D:1      | lauthentik the Vampire Enchanter began the quest for the Orb.
     0 | D:1      | Reached XP level 1. HP: 13/13 MP: 3/3
   126 | D:1      | Reached XP level 2. HP: 14/19 MP: 5/5
   130 | D:1      | Learned a level 2 spell: Ensorcelled Hibernation
   573 | D:1      | Reached skill level 5 in Hexes
   748 | D:2      | Found a glowing golden altar of the Shining One.
  1368 | D:3      | Reached XP level 3. HP: 24/24 MP: 6/6
  1464 | D:3      | Reached skill level 5 in Stealth
  1504 | D:3      | Reached XP level 4. HP: 26/31 MP: 0/7
  1722 | D:3      | Noticed Shenda's ghost (novice FoAK)
  1762 | D:4      | Learned a level 3 spell: Confuse
  1890 | D:4      | Noticed Robin
  1892 | D:4      | Killed Robin
  1898 | D:4      | Reached XP level 5. HP: 36/36 MP: 1/9
  2034 | D:4      | Reached skill level 6 in Stealth
  2034 | D:4      | Reached skill level 1 in Ice Magic
  2119 | D:4      | Noticed an ogre
  2128 | D:4      | Killed an ogre
  2284 | D:4      | Reached XP level 6. HP: 42/42 MP: 6/10
  2409 | D:3      | Found a sacrificial altar of Ru.
  2995 | D:5      | Entered Level 5 of the Dungeon
  3010 | D:5      | Reached skill level 1 in Fighting
  3141 | D:5      | Reached skill level 7 in Stealth
  3141 | D:5      | Reached XP level 7. HP: 32/48 MP: 10/12
  3496 | D:5      | Found a sand-covered staircase.
  3533 | D:5      | Reached skill level 8 in Stealth
  3537 | Ossuary  | Entered an ossuary
  4220 | D:5      | Reached XP level 8. HP: 54/54 MP: 13/13
  4520 | D:6      | Reached skill level 9 in Stealth
  4918 | D:6      | Reached skill level 5 in Dodging
  5581 | D:7      | Noticed a hill giant
  5588 | D:7      | Killed a hill giant
  5588 | D:7      | Reached skill level 10 in Stealth
  5588 | D:7      | Reached XP level 9. HP: 44/61 MP: 8/16
  5854 | D:7      | Found a stormy altar of Qazlal.
  5860 | D:7      | Reached skill level 11 in Stealth
  6079 | D:7      | Reached skill level 5 in Spellcasting
  6166 | D:7      | Found a staircase to the Ecumenical Temple.
  6487 | D:7      | Reached skill level 12 in Stealth
  6596 | D:7      | Reached skill level 10 in Hexes
  6768 | Temple   | Entered the Ecumenical Temple
  6781 | Temple   | Upgraded the game from 0.19-a0-831-gce7da8b to 0.20-a0-924-gfa95efa
  6798 | Temple   | Became a worshipper of Dithmenos the Shadowed
  7124 | D:8      | Found a deep blue altar of Sif Muna.
  7384 | D:8      | Noticed Psyche
  7391 | D:8      | Killed Psyche
  7391 | D:8      | Reached XP level 10. HP: 68/68 MP: 18/18
  7533 | D:8      | Reached skill level 13 in Stealth
  7648 | D:8      | Noticed a two-headed ogre
  7653 | D:8      | Killed a two-headed ogre
  7878 | D:9      | Reached * piety under Dithmenos
  7929 | D:9      | Noticed a two-headed ogre
  7987 | D:9      | Found a bloodstained altar of Trog.
  7988 | D:9      | Found a shattered altar of Ashenzari.
  8045 | D:9      | Found a shimmering altar of Xom.
  8045 | D:9      | Found a sparkling altar of Nemelex Xobeh.
  8058 | D:9      | Killed a two-headed ogre
  8058 | D:9      | Reached skill level 5 in Short Blades
  8058 | D:9      | Reached skill level 14 in Stealth
  8368 | D:9      | Noticed Grum
  8371 | D:9      | Killed Grum
  8566 | D:10     | Entered Level 10 of the Dungeon
  9018 | D:10     | Reached skill level 15 in Stealth
  9047 | D:10     | Reached ** piety under Dithmenos
  9142 | D:10     | Noticed an unseen horror
  9148 | D:10     | Killed an unseen horror
  9148 | D:10     | Reached XP level 11. HP: 74/74 MP: 21/21
  9156 | D:10     | Found a staircase to the Orcish Mines.
  9338 | Orc:1    | Entered Level 1 of the Orcish Mines
  9338 | Orc:1    | Noticed a stone giant
  9340 | Orc:1    | Noticed an orc knight
  9351 | Orc:1    | HP: 2/74 [orc wizard/puff of frost (2)]
  9352 | Orc:1    | Mangled by a troll

Vault maps used:
D:1:      sevenhm_arrival_forest_fort_small_3
D:2:      nicolae_overflow_hidden_temple, first_bread
D:3:      nicolae_ru_sacrificial_ziggurat
D:4:      kennysheep_crisscross, uniq_robin
D:5:      nicolae_ossuary_entry_catacombs
D:7:      overflow_temple_1_default, grunt_livestock
D:8:      old_standard_altar, supply_closet_lemuel, uniq_psyche
D:9:      gammafunk_temple_overflow_pools, gammafunk_temple_overflow_wave,
          uniq_grum
D:10:     orc_0_dummy
Temple:   regret_index_temple_waves
Orc:1:    uniq_josephine
Ossuary:  ossuary_minmay_tomb_2a

Skill      XL: |  1  2  3  4  5  6  7  8  9 10 |
---------------+-------------------------------+-----
Hexes          | 5 6 7 8 10 11 | 11.4
Stealth        | 5 6 7 8 10 12 15 | 15.2
Dodging        | 3 4 5 6 |  6.0
Ice Magic      | 1 2 3 4 |  4.7
Fighting       | 1 2 |  2.7
Short Blades   | 2 3 4 5 |  5.5
Spellcasting   | 3 4 5 6 |  6.8

Action                   |  1- 3 |  4- 6 |  7- 9 | 10-12 || total
-------------------------+-------+-------+-------+-------++-------
Melee: Dagger            |    65 |   191 |   368 |    86 ||   710
       Bite              |     3 |    10 |    34 |     3 ||    50
       Short sword       |    41 |       |       |    18 ||    59
 Cast: Ensorcelled Hiber |     9 |    38 |    52 |    39 ||   138
       Corona            |     1 |       |       |       ||     1
       Confuse           |       |     8 |    36 |     4 ||    48
  Use: Potion            |     2 |     1 |     3 |     1 ||     7
       Scroll            |       |     1 |     1 |     2 ||     4
 Stab: Sleeping          |    16 |    37 |    59 |    51 ||   163
       Distracted        |       |     2 |     1 |       ||     3
       Confused          |       |     1 |    33 |     4 ||    38
  Eat: Corpse            |       |       |       |     1 ||     1
Armor: Robe              |    29 |    61 |    92 |     8 ||   190
Dodge: Dodged            |    57 |   130 |   132 |    58 ||   377
